 Dungeon Crawl Stone Soup version 0.29.1-12-g30fa7ad0bf (webtiles) character file.

Game seed: 3482477955559286033

170 raph the Spear-Bearer (level 5, -6/38 HPs)
             Began as a Merfolk Gladiator on Jan 9, 2023.
             Mangled by Crazy Yiuf
             ... wielding a +2 quarterstaff of chaos
              (14 damage)
             ... on level 3 of the Dungeon.
             The game lasted 00:03:27 (3934 turns).

raph the Spear-Bearer (Merfolk Gladiator)           Turns: 3934, Time: 00:03:28

Health: -6/38      AC:  4    Str: 19    XL:     5   Next: 50%
Magic:  14/14      EV: 13    Int:  7    God:
Gold:   143        SH:  0    Dex: 17    Spells: 2/4 levels left

rFire   . . .      SeeInvis .   a - +1 trident
rCold   . . .      Faith    .   (no shield)
rNeg    . . .      Spirit   .   b - +0 leather armour
rPois   .          Reflect  .   c - +0 helmet
rElec   .          Harm     .   (no cloak)
rCorr   .          Rampage  .   (no gloves)
Will    .....                   (no boots)
Stlth   +.........              (no amulet)
HPRegen 0.12/turn               k - ring "Luj Baut" {MP+9 Str+4}
MPRegen 0.14/turn               (no ring)

@: lethally poisoned (-6 -> -13)
A: (nimble swimmer 2), mertail
a: no special abilities


You were on level 3 of the Dungeon.
You visited 1 branch of the dungeon, and saw 3 of its levels.

You collected 143 gold pieces.

Inventory:

Hand Weapons
 a - a +1 trident (weapon)
Missiles
 d - 3 throwing nets (quivered)
 e - a javelin
 l - 2 boomerangs
Armour
 b - a +0 leather armour (worn)
 c - a +0 helmet (worn)
 s - a +2 kite shield
Jewellery
 k - the ring "Luj Baut" (left hand) {MP+9 Str+4}
   (You found it on level 2 of the Dungeon)

   [ring of magical power]

   Str:       It affects your strength (+4).
   MP:        It affects your magic capacity (+9).
Scrolls
 h - 2 scrolls of magic mapping
 n - 2 scrolls of identify {unknown}
 t - a scroll of teleportation
Potions
 f - a potion of attraction {unknown}
 g - 3 potions of mutation {unknown}
 i - 2 potions of heal wounds {unknown}
 j - a potion of ambrosia {unknown}
 m - 3 potions of curing {unknown}
 o - a potion of haste {unknown}
 p - 3 potions of degeneration {unknown}
 q - a potion of lignification {unknown}
 r - a potion of might {unknown}


   Skills:
 - Level 2.1 Fighting
 + Level 8.0 Polearms
 - Level 2.0 Throwing
 - Level 4.0 Dodging


You had 2 spell levels left.
You knew the following spells:

 Your Spells              Type           Power      Damage    Failure   Level
a - Wereblood             Tmut           0%         N/A       63%         2

Your spell library contained the following spells:

 Spells                   Type           Power      Damage    Failure   Level
 Beastly Appendage        Tmut           0%         N/A       50%         1
 Gell's Gravitas          Tloc           0%         N/A       86%         3
 Spider Form              Tmut/Pois      0%         N/A       86%         3
 Teleport Other           Tloc           0%         N/A       86%         3
 Dispersal                Tloc           0%         N/A       100%        6


Dungeon Overview and Level Annotations

Branches:
Dungeon (3/15)

Altars:

Annotations:
D:3 Crazy Yiuf


Innate Abilities, Weirdness & Mutations

((You are very nimble when in or above water. (Stealth+, EV+, Speed+++)))
Your lower body shifts to a powerful aquatic tail in water.


Message History

You see here a +0 dagger.
Key pressed, stopping explore.
No target in view!
Your legs become a tail as you enter the water.
Your legs become a tail as you enter the water.
Your legs become a tail as you enter the water.
Your legs become a tail as you enter the water.
You see here a +0 dagger.
You see here a +0 scale mail.
Crazy Yiuf shouts!
Crazy Yiuf laughs, "East canine head!"
Could not explore, unopened runed door.
Could not explore, unopened runed door.
Could not explore, unopened runed door.
Could not explore, unopened runed door.
As you open the door, it creaks loudly!
You puncture Crazy Yiuf!
Crazy Yiuf is heavily wounded.
Crazy Yiuf hits you with a +2 quarterstaff of chaos.
Crazy Yiuf freezes you.
You hit Crazy Yiuf.
Crazy Yiuf is heavily wounded.
Crazy Yiuf hits you with a +2 quarterstaff of chaos!
You are poisoned.
You are too injured to fight recklessly!
You are too injured to fight recklessly!
You are too injured to fight recklessly!
You are too injured to fight recklessly!
You are too injured to fight recklessly!
You puncture Crazy Yiuf!
Crazy Yiuf is almost dead.
* * * LOW HITPOINT WARNING * * *
You feel very sick. Crazy Yiuf barely misses you.
You closely miss Crazy Yiuf.
Crazy Yiuf is almost dead.
* * * LOW HITPOINT WARNING * * *
You feel sick.
Crazy Yiuf hits you with a +2 quarterstaff of chaos!
You die...

####♣♣ ###
##....♣♣ ♣♣#..)#
#....PP♣♣♣♣@g...#
#.......♣..♣#...#
#.#....♣.♣♣♣ ###
#.###♣♣♣♣♣ #.#
#.#########
#.........###
###.........#
#.....#.#.# ####


You could see Crazy Yiuf.

Vanquished Creatures
  A jelly (D:3)
  A gnoll (D:2)
  4 adders
  3 worms
  3 dart slugs
  5 orcs
  2 ball pythons
  4 bats
  6 endoplasms
  2 giant cockroaches (D:3)
  9 goblins
  4 hobgoblins
  6 jackals
  5 quokkas
  4 frilled lizards
  6 kobolds
  8 rats
73 creatures vanquished.

Vanquished Creatures (others)
  A fungus (D:3)
1 creature vanquished.

Grand Total: 74 creatures vanquished

Notes
Turn   | Place    | Note
-------+----------+-------------------------------------------
     0 | D:1      | raph the Merfolk Gladiator began the quest for the Orb.
     0 | D:1      | Reached XP level 1. HP: 16/16 MP: 1/1
   220 | D:1      | Reached XP level 2. HP: 22/22 MP: 2/2
   287 | D:1      | Reached skill level 5 in Polearms
  1003 | D:2      | Reached XP level 3. HP: 13/27 MP: 3/3
  1156 | D:2      | Identified the ring "Luj Baut" {MP+9 Str+4}
  1697 | D:2      | Reached skill level 6 in Polearms
  2039 | D:2      | Reached XP level 4. HP: 30/33 MP: 4/4
  2612 | D:3      | Reached skill level 7 in Polearms
  2612 | D:3      | Reached XP level 5. HP: 25/38 MP: 5/5
  3542 | D:3      | Learned a level 2 spell: Wereblood
  3573 | D:3      | Reached skill level 8 in Polearms
  3803 | D:3      | Found a runed translucent door.
  3804 | D:3      | Noticed Crazy Yiuf
  3934 | D:3      | Mangled by Crazy Yiuf

Illustrated notes

Levels and vault maps discovered:
D:1:      dpeg_arrival_court, layout_loops_ring, serial_glass, glass_columns_a,
          glass_columns_a, glass_columns_a, glass_columns_a, glass_columns_c,
          glass_columns_c, palyth_stone_intersect
D:2:      minmay_chambers_of_twos, layout_basic
D:3:      minmay_inner_zag, layout_rooms, minmay_misc_feat_square, minivault_14,
          uniq_crazy_yiuf_cottage

Skill      XL: |  1  2  3  4  5 |
---------------+----------------+-----
Polearms       | 5 6 7 8 |  8.0
Fighting       | |  2.1
Throwing       | |  2.0
Dodging        | |  4.0

Action                   |  1- 3 |  4- 6 || total
-------------------------+-------+-------++-------
Melee: Trident           |    98 |   129 ||   227
       Punch             |     1 |     2 ||     3
  Use: Scroll            |     3 |     2 ||     5
 Stab: Sleeping          |     1 |     5 ||     6
Armor: Leather armour    |    18 |    22 ||    40
Dodge: Dodged            |    45 |    58 ||   103
